| TOP OF THE 1ST |
|
Kelowna Heat batting - Pitching for Tijuana Toros : RHP Seved Landgre
|
|
Pitching: RHP Seved Landgre
|
|
|
Batting: RHB Sadataka Kuwahara
|
0-0: Ball 1-0: DOUBLE (Line Drive, 3D, EV 97.5 MPH)
|
|
Batting: RHB Miguel Gonzalez
|
0-0: Foul Ball, location: 2F 0-1: Fly out, F8 (Flyball, 8RM, EV 90.6 MPH)
|
|
Batting: LHB Chris West
|
0-0: Called Strike 0-1: Ground out U3 (Groundball, 34, EV 84.4 MPH) Sadataka Kuwahara to third
|
|
Batting: LHB Steve Nevis
|
0-0: Called Strike 0-1: Ground out 5-3 (Groundball, 56, EV 80.0 MPH)
|
| Top of the 1st over - 0 runs, 1 hit, 0 errors, 1 left on base; Kelowna 0 - Tijuana 0 |
| BOTTOM OF THE 1ST |
|
Tijuana Toros batting - Pitching for Kelowna Heat : LHP Ricky Coats
|
|
Pitching: LHP Ricky Coats
|
|
|
Batting: RHB Theo Schepers
|
0-0: Ball 1-0: Reached on error, E7 (Line Drive, 7, EV 107.5 MPH)
|
|
Batting: RHB Chad Rojas
|
0-0: Called Strike 0-1: Ball 1-1: Ball 2-1: Ball Wild Pitch! Theo Schepers to second 3-1: Ground out U3 (Groundball, 34S, EV 93.1 MPH) Theo Schepers to third
|
|
Batting: LHB Steve Pond
|
0-0: Fly out, F8 (Flyball, 89M, EV 87.5 MPH) Runner from 3rd tags up, SCORES, throw by CF
|
|
Batting: LHB Nate Kee
|
0-0: Ball 1-0: Foul Ball, location: 2F 1-1: Swinging Strike 1-2: Foul Ball, location: 2F 1-2: Ball 2-2: TRIPLE (Line Drive, 7D, EV 105.6 MPH)
|
|
Batting: RHB Joe Bower
|
0-0: Foul Ball, location: 2F 0-1: Fly out, F4 (Line Drive, 4, EV 64.4 MPH)
|
| Bottom of the 1st over - 1 run, 1 hit, 1 error, 1 left on base; Kelowna 0 - Tijuana 1 |
| TOP OF THE 2ND |
|
Kelowna Heat batting - Pitching for Tijuana Toros : RHP Seved Landgre
|
|
Batting: RHB Billy Pranger
|
0-0: Foul Ball, location: 2F 0-1: Ball 1-1: Called Strike 1-2: Strikes out swinging
|
|
Batting: RHB Malik Sharpless
|
0-0: Ball 1-0: Ball 2-0: Ground out 6-3 (Groundball, 6, EV 101.2 MPH)
|
|
Batting: RHB Josh Truell
|
0-0: Called Strike 0-1: Foul Ball, location: 2F 0-2: Ball 1-2: Ball 2-2: Ground out 5-3 (Groundball, 56, EV 102.5 MPH)
|
| Top of the 2nd over - 0 runs, 0 hits, 0 errors, 0 left on base; Kelowna 0 - Tijuana 1 |
| BOTTOM OF THE 2ND |
|
Tijuana Toros batting - Pitching for Kelowna Heat : LHP Ricky Coats
|
|
Batting: RHB David Watkins
|
0-0: Ball 1-0: Called Strike 1-1: Ball 2-1: Ball 3-1: Fly out, F6 (Popup, 6MS, EV 68.8 MPH)
|
|
Batting: RHB Mike Kaczor
|
0-0: Ball 1-0: Ball 2-0: Ground out 1-3 (Groundball, 15S, EV 65.6 MPH)
|
|
Batting: SHB Shane Marcum
|
0-0: Ball 1-0: Called Strike 1-1: Ground out 6-3 (Groundball, 6, EV 91.9 MPH)
|
| Bottom of the 2nd over - 0 runs, 0 hits, 0 errors, 0 left on base; Kelowna 0 - Tijuana 1 |
| TOP OF THE 3RD |
|
Kelowna Heat batting - Pitching for Tijuana Toros : RHP Seved Landgre
|
|
Batting: LHB Takaaki Nishimoto
|
0-0: Ball 1-0: Called Strike 1-1: Foul Ball, location: 2F 1-2: Foul Ball, location: 2F 1-2: Foul Ball, location: 2F 1-2: Strikes out swinging
|
|
Batting: RHB Dave Putnam
|
0-0: Called Strike 0-1: Swinging Strike 0-2: Ball 1-2: Foul Ball, location: 2F 1-2: Fly out, F7 (Flyball, 7D, EV 101.2 MPH)
|
|
Batting: RHB Sadataka Kuwahara
|
0-0: Called Strike 0-1: Ball 1-1: Ball 2-1: Swinging Strike 2-2: SINGLE (Line Drive, 4M, EV 105.0 MPH)
|
|
Pitching: RHP Jordan Amaker
|
|
|
Batting: RHB Miguel Gonzalez
|
0-0: Ball Balk! Sadataka Kuwahara to second 1-0: Called Strike 1-1: Ball 2-1: Fly out, F8 (Line Drive, 8RM, EV 96.9 MPH)
|
| Top of the 3rd over - 0 runs, 1 hit, 0 errors, 1 left on base; Kelowna 0 - Tijuana 1 |
| BOTTOM OF THE 3RD |
|
Tijuana Toros batting - Pitching for Kelowna Heat : LHP Ricky Coats
|
|
Batting: RHB Will Barksdale
|
0-0: Ground out 6-3 (Groundball, 6, EV 90.0 MPH)
|
|
Batting: RHB Theo Schepers
|
0-0: SINGLE (Groundball, 56, EV 99.4 MPH)
|
|
Batting: RHB Chad Rojas
|
0-0: Fly out, F4 (Line Drive, 4, EV 71.9 MPH)
|
|
Batting: LHB Steve Pond
|
0-0: Called Strike 0-1: Ball Theo Schepers steals 2nd base 1-1: Foul Ball, location: 2F 1-2: Foul Ball, location: 2F 1-2: Strikes out swinging
|
| Bottom of the 3rd over - 0 runs, 1 hit, 0 errors, 1 left on base; Kelowna 0 - Tijuana 1 |
| TOP OF THE 4TH |
|
Kelowna Heat batting - Pitching for Tijuana Toros : RHP Jordan Amaker
|
|
Batting: LHB Chris West
|
0-0: Ball 1-0: Called Strike 1-1: Fly out, F7 (Flyball, 7D, EV 93.8 MPH)
|
|
Batting: LHB Steve Nevis
|
0-0: Foul Ball, location: 2F 0-1: Ball 1-1: Foul Ball, location: 2F 1-2: DOUBLE (Line Drive, 78D, EV 108.1 MPH)
|
|
Batting: RHB Billy Pranger
|
0-0: Called Strike 0-1: Foul Ball, location: 2F 0-2: DOUBLE (Line Drive, 7LS, EV 100.6 MPH) Steve Nevis scores
|
|
Batting: RHB Malik Sharpless
|
0-0: Called Strike 0-1: SINGLE (Line Drive, 8RS, EV 95.0 MPH) Billy Pranger to third
|
|
Batting: RHB Josh Truell
|
0-0: Ball 1-0: Ball 2-0: SINGLE (Groundball, 25, EV 70.0 MPH) (infield hit) Malik Sharpless to second
|
|
Batting: LHB Takaaki Nishimoto
|
0-0: Foul Ball, location: 2F 0-1: Ball 1-1: Ball 2-1: Foul Ball, location: 2F 2-2: Fly out, F8 (Flyball, 8RM, EV 90.0 MPH) Runner from 3rd tags up, SCORES, throw by CF Malik Sharpless to third
|
|
Pitching: RHP Kevin Fleming
|
|
|
Batting: RHB Dave Putnam
|
0-0: Foul Ball, location: 2F 0-1: Ball 1-1: Reached on error, E6 (Groundball, 6, EV 106.9 MPH) Malik Sharpless scores Josh Truell to second
|
|
Batting: RHB Sadataka Kuwahara
|
0-0: Ball 1-0: Ball 2-0: Ball 3-0: Called Strike 3-1: Foul Ball, location: 2F 3-2: Reached on error, E4 (Groundball, 4, EV 77.5 MPH) Josh Truell scores Dave Putnam to third
|
|
Batting: RHB Miguel Gonzalez
|
0-0: Called Strike 0-1: Ball 1-1: Foul Ball, location: 2F 1-2: Strikes out looking
|
| Top of the 4th over - 4 runs, 4 hits, 2 errors, 2 left on base; Kelowna 4 - Tijuana 1 |
| BOTTOM OF THE 4TH |
|
Tijuana Toros batting - Pitching for Kelowna Heat : LHP Ricky Coats
|
|
Batting: LHB Nate Kee
|
0-0: Ball 1-0: Ball 2-0: Foul Ball, location: 2F 2-1: Ground out 4-3 (Groundball, 4, EV 85.0 MPH)
|
|
Batting: RHB Joe Bower
|
0-0: Ball 1-0: Ball 2-0: Foul Ball, location: 2F 2-1: SINGLE (Groundball, 34S, EV 84.4 MPH) (infield hit)
|
|
Batting: RHB David Watkins
|
0-0: Ball 1-0: Called Strike 1-1: Ball 2-1: Fly out, F7 (Flyball, 7D, EV 104.4 MPH)
|
|
Batting: RHB Mike Kaczor
|
0-0: Foul Ball, location: 2F 0-1: Called Strike 0-2: Strikes out swinging
|
| Bottom of the 4th over - 0 runs, 1 hit, 0 errors, 1 left on base; Kelowna 4 - Tijuana 1 |
| TOP OF THE 5TH |
|
Kelowna Heat batting - Pitching for Tijuana Toros : RHP Kevin Fleming
|
|
Batting: LHB Chris West
|
0-0: Swinging Strike 0-1: Ball 1-1: Swinging Strike 1-2: Foul Ball, location: 2F 1-2: Strikes out swinging
|
|
Pitching: RHP Gary Salazar
|
|
|
Batting: LHB Steve Nevis
|
0-0: Fly out, F6 (Popup, 6, EV 68.8 MPH)
|
|
Batting: RHB Billy Pranger
|
0-0: Ball 1-0: Called Strike 1-1: Swinging Strike 1-2: Foul Ball, location: 2F 1-2: Ball 2-2: Ground out 1-3 (Groundball, 15S, EV 71.2 MPH)
|
| Top of the 5th over - 0 runs, 0 hits, 0 errors, 0 left on base; Kelowna 4 - Tijuana 1 |
| BOTTOM OF THE 5TH |
|
Tijuana Toros batting - Pitching for Kelowna Heat : LHP Ricky Coats
|
|
Batting: SHB Shane Marcum
|
0-0: Ball 1-0: Called Strike 1-1: Ground out 5-3 (Groundball, 56S, EV 80.6 MPH)
|
|
Batting: RHB Will Barksdale
|
0-0: Swinging Strike 0-1: Ball 1-1: Ball 2-1: Foul Ball, location: 2F 2-2: Ball 3-2: Base on Balls
|
|
Batting: RHB Theo Schepers
|
0-0: SINGLE (Groundball, 25, EV 70.6 MPH) (infield hit) Will Barksdale to second
|
|
Batting: RHB Chad Rojas
|
0-0: Called Strike 0-1: Fly out, F7 (Flyball, 7S, EV 81.9 MPH)
|
|
Batting: LHB Steve Pond
|
0-0: Foul Ball, location: 2F 0-1: Swinging Strike 0-2: Ball 1-2: Fielders Choice at 2nd, 6-4 (Groundball, 6, EV 81.2 MPH)
|
| Bottom of the 5th over - 0 runs, 1 hit, 0 errors, 2 left on base; Kelowna 4 - Tijuana 1 |
| TOP OF THE 6TH |
|
Kelowna Heat batting - Pitching for Tijuana Toros : RHP Gary Salazar
|
|
Batting: RHB Malik Sharpless
|
0-0: Fly out, F7 (Flyball, 7LS, EV 72.5 MPH)
|
|
Batting: RHB Josh Truell
|
0-0: Foul Ball, location: 2F 0-1: Called Strike 0-2: Foul Ball, location: 2F 0-2: Foul Ball, location: 2F 0-2: Ball 1-2: Strikes out swinging
|
|
Batting: LHB Takaaki Nishimoto
|
0-0: Ball 1-0: Called Strike 1-1: Ball 2-1: Ball 3-1: Base on Balls
|
|
Pitching: LHP Bryan Rouse
|
|
|
Batting: RHB Dave Putnam
|
0-0: Called Strike 0-1: Ball 1-1: Fielders Choice at 2nd, 5-4 (Groundball, 5, EV 85.0 MPH)
|
| Top of the 6th over - 0 runs, 0 hits, 0 errors, 1 left on base; Kelowna 4 - Tijuana 1 |
| BOTTOM OF THE 6TH |
|
Tijuana Toros batting - Pitching for Kelowna Heat : LHP Ricky Coats
|
|
Batting: LHB Nate Kee
|
0-0: Called Strike 0-1: Foul Ball, location: 2F 0-2: Ball 1-2: Ball 2-2: Fly out, F6 (Popup, 6M, EV 53.1 MPH)
|
|
Batting: RHB Joe Bower
|
0-0: Ball 1-0: Swinging Strike 1-1: Foul Ball, location: 2F 1-2: Ground out 4-3 (Groundball, 4MD, EV 100.0 MPH)
|
|
Batting: RHB David Watkins
|
0-0: Ball 1-0: Fly out, F9 (Flyball, 89S, EV 88.8 MPH)
|
| Bottom of the 6th over - 0 runs, 0 hits, 0 errors, 0 left on base; Kelowna 4 - Tijuana 1 |
| TOP OF THE 7TH |
|
Kelowna Heat batting - Pitching for Tijuana Toros : LHP Bryan Rouse
|
|
Batting: RHB Sadataka Kuwahara
|
0-0: Foul Ball, location: 2F 0-1: Ball 1-1: Swinging Strike 1-2: Ball 2-2: Foul Ball, location: 2F 2-2: Ball 3-2: Base on Balls
|
|
Batting: RHB Miguel Gonzalez
|
0-0: Sac Bunt to 15S - play at first, batter OUT! 1-3 Sadataka Kuwahara to second
|
|
Batting: LHB Chris West
|
0-0: Swinging Strike 0-1: Foul Ball, location: 2F 0-2: Foul Ball, location: 2F 0-2: Foul Ball, location: 2F 0-2: Ball 1-2: Ball 2-2: Strikes out swinging
|
|
Pitching: RHP Andrew Telles
|
|
|
Batting: LHB Steve Nevis
|
0-0: Ball 1-0: Ball 2-0: SINGLE (Line Drive, 78S, EV 90.0 MPH) Sadataka Kuwahara to third Runner from 3rd tries for Home, throw by LF and OUT! 7-2
|
| Top of the 7th over - 0 runs, 1 hit, 0 errors, 1 left on base; Kelowna 4 - Tijuana 1 |
| BOTTOM OF THE 7TH |
|
Tijuana Toros batting - Pitching for Kelowna Heat : LHP Ricky Coats
|
|
Pitching: LHP Jimmy Heinecke
|
|
|
Batting: RHB Mike Kaczor
|
0-0: Ball 1-0: Reached on error, E3 (Groundball, 34S, EV 86.2 MPH)
|
|
Batting: SHB Shane Marcum
|
0-0: Foul Ball, location: 2F 0-1: Foul Ball, location: 2F 0-2: Foul Ball, location: 2F 0-2: Ball 1-2: Foul Ball, location: 2F 1-2: Foul Ball, location: 2F 1-2: Foul Ball, location: 2F 1-2: Foul Ball, location: 2F 1-2: Ball 2-2: Fly out, F6 (Popup, 6, EV 71.9 MPH)
|
|
Batting: RHB Will Barksdale
|
0-0: Ball 1-0: Foul Ball, location: 2F 1-1: Called Strike 1-2: Ball 2-2: Fly out, F7 (Flyball, 7S, EV 85.0 MPH)
|
|
Batting: RHB Theo Schepers
|
0-0: Called Strike 0-1: Ball 1-1: Called Strike 1-2: Ball 2-2: Ground out 4-3 (Groundball, 4, EV 98.1 MPH)
|
| Bottom of the 7th over - 0 runs, 0 hits, 1 error, 1 left on base; Kelowna 4 - Tijuana 1 |
| TOP OF THE 8TH |
|
Kelowna Heat batting - Pitching for Tijuana Toros : RHP Andrew Telles
|
|
Batting: RHB Billy Pranger
|
0-0: Ball 1-0: Ball 2-0: Called Strike 2-1: Foul Ball, location: 2F 2-2: Strikes out swinging
|
|
Batting: RHB Malik Sharpless
|
0-0: Ground out 6-3 (Groundball, 6, EV 93.8 MPH)
|
|
Batting: RHB Josh Truell
|
0-0: SINGLE (Flyball, 6MD, EV 89.4 MPH)
|
|
Batting: LHB Takaaki Nishimoto
|
0-0: Called Strike 0-1: Ball 1-1: Swinging Strike 1-2: Foul Ball, location: 2F 1-2: Ball 2-2: Fielders Choice at 2nd, 5-4 (Groundball, 6, EV 96.2 MPH)
|
| Top of the 8th over - 0 runs, 1 hit, 0 errors, 1 left on base; Kelowna 4 - Tijuana 1 |
| BOTTOM OF THE 8TH |
|
Tijuana Toros batting - Pitching for Kelowna Heat : LHP Jimmy Heinecke
|
|
Pitching: RHP Ricky Fo
|
|
|
Batting: RHB Chad Rojas
|
0-0: Ball 1-0: Fly out, F7 (Flyball, 78D, EV 101.9 MPH)
|
|
Batting: LHB Steve Pond
|
0-0: Ball 1-0: Foul Ball, location: 2F 1-1: Foul Ball, location: 2F 1-2: Strikes out swinging
|
|
Batting: LHB Nate Kee
|
0-0: Ball 1-0: Swinging Strike 1-1: Called Strike 1-2: Ball 2-2: Strikes out swinging
|
| Bottom of the 8th over - 0 runs, 0 hits, 0 errors, 0 left on base; Kelowna 4 - Tijuana 1 |
| TOP OF THE 9TH |
|
Kelowna Heat batting - Pitching for Tijuana Toros : RHP Andrew Telles
|
|
Pitching: RHP Alfredo Sanchez
|
|
|
Batting: RHB Dave Putnam
|
0-0: Called Strike 0-1: Swinging Strike 0-2: Ball 1-2: Ground out 6-3 (Groundball, 6M, EV 87.5 MPH)
|
|
Batting: RHB Sadataka Kuwahara
|
0-0: Swinging Strike 0-1: Fly out, F8 (Flyball, 89S, EV 90.6 MPH)
|
|
Batting: RHB Miguel Gonzalez
|
0-0: Ball 1-0: Foul Ball, location: 2F 1-1: SOLO HOME RUN (Flyball, 7D, EV 94.4 MPH), Distance : 387 ft
|
|
Batting: LHB Chris West
|
0-0: Ball 1-0: SINGLE (Line Drive, 9S, EV 112.5 MPH)
|
|
Batting: LHB Steve Nevis
|
0-0: Ball 1-0: Called Strike 1-1: Ball 2-1: Ball 3-1: Foul Ball, location: 2F 3-2: Base on Balls Chris West to second
|
|
Batting: RHB Billy Pranger
|
0-0: Called Strike 0-1: DOUBLE (Line Drive, 7LS, EV 94.4 MPH) Chris West scores Steve Nevis to third Runner from 3rd tries for Home, SAFE, throw by LF to home
|
|
Pitching: RHP Jeff Lewis
|
|
|
Batting: RHB Malik Sharpless
|
0-0: Ball 1-0: Ball 2-0: Ground out 4-3 (Groundball, 4, EV 84.4 MPH)
|
| Top of the 9th over - 3 runs, 3 hits, 0 errors, 1 left on base; Kelowna 7 - Tijuana 1 |
| BOTTOM OF THE 9TH |
|
Tijuana Toros batting - Pitching for Kelowna Heat : RHP Ricky Fo
|
|
Batting: RHB Joe Bower
|
0-0: Foul Ball, location: 2F 0-1: Ball 1-1: Ground out 6-3 (Groundball, 6M, EV 107.5 MPH)
|
|
Batting: RHB David Watkins
|
0-0: Ball 1-0: Foul Ball, location: 2F 1-1: Ball 2-1: Ball 3-1: Called Strike 3-2: Strikes out swinging
|
|
Batting: RHB Mike Kaczor
|
0-0: Ball 1-0: Swinging Strike 1-1: Called Strike 1-2: Fly out, F8 (Flyball, 89D, EV 83.1 MPH)
|
| Bottom of the 9th over - 0 runs, 0 hits, 0 errors, 0 left on base; Kelowna 7 - Tijuana 1 |
|